Map: Odyssey LE

Players

nvmd - Winner!

  • Race: Zerg Zerg
  • League: Platinum
  • Spawn Location: 5:00

SamuraiFunn

  • Race: Protoss Protoss
  • League: Platinum
  • Spawn Location: 11:00

VOD

Have the link to the VOD?

Description

Time

  • Played on: Nov. 25, 2017, 2:28 p.m.
  • Length: 11:16
Show
View Real Time Build Order
Export as new Build Order

nvmd Zerg - Winner!

Build Orders: Hatch First 

Get SALT Encoding   

  12  0:01  Drone  
  13  0:13  Overlord  
  13  0:18  Drone  
  14  0:31  Drone x2  
  14  0:35  Drone  
  17  0:54  Hatchery  
  16  0:57  Drone  
  16  1:00  Drone  
  18  1:07  Drone  
  18  1:10  Extractor  
  18  1:18  Spawning Pool  
  18  1:21  Drone  
  18  1:29  Drone  
  19  1:39  Drone  
  20  1:51  Drone  
  21  2:01  Overlord  
  21  2:06  Queen x2  
  21  2:08  Zergling x2  
  26  2:12  Zergling x2  
  26  2:13  Metabolic Boost  
  27  2:21  Drone  
  27  2:22  Drone  
  29  2:34  Drone x2  
  31  2:39  Overlord  
  33  2:51  Drone x2  
  33  2:54  Queen, Pneumatized Carapace  
  33  2:56  Overlord  
  35  3:01  Drone  
  36  3:18  Drone x3  
  39  3:22  Drone  
  39  3:23  Drone  
  41  3:34  Drone, Overlord x2  
  41  3:35  Drone x2  
  41  3:40  Extractor  
  43  3:41  Extractor  
  43  3:44  Hatchery  
  41  4:00  Drone x5  
  41  4:01  Drone x3  
  49  4:15  Evolution Chamber x2  
  47  4:17  Drone x2  
  47  4:18  Drone  
  50  4:27  Lair  
  50  4:28  Roach Warren  
  49  4:33  Drone x6  
  49  4:34  Drone  
  56  4:43  Zerg Missile Weapons Level 1, Zerg Ground Armor Level 1  
  56  4:46  Drone x2  
  58  4:56  Drone x6  
  64  5:16  Extractor  
  63  5:28  Spore Crawler  
  62  5:30  Spore Crawler  
  62  5:33  Spore Crawler  
  62  5:34  Drone x4  
  62  5:35  Drone x2  
  66  5:36  Overlord  
  66  5:37  Overlord x3  
  66  5:42  Hatchery  
  65  5:52  Glial Reconstitution  
  65  5:54  Queen  
  67  5:58  Hydralisk Den  
  67  6:00  Roach x4  
  67  6:01  Roach x4  
  82  6:06  Drone x2  
  82  6:09  Extractor  
  82  6:10  Extractor  
  82  6:21  Drone x11  
  93  6:42  Overlord x4  
  93  6:53  Hydralisk x6  
  94  6:56  Overlord  
  94  6:57  Overlord x3  
  104  7:16  Hydralisk x6  
  104  7:17  Hydralisk x5  
  126  7:31  Hydralisk x2  
  126  7:32  Hydralisk x7  
  144  7:41  Roach  
  144  7:42  Roach x2  
  150  8:09  Roach x5  
  150  8:11  Overlord x2  
  150  8:12  Overlord x2  
  160  8:18  Overseer  
  160  8:19  Overseer  
  160  8:31  Muscular Augments  
  160  8:32  Infestation Pit  
  159  8:34  Zerg Ground Armor Level 2, Zerg Missile Weapons Level 2  
  159  8:41  Hydralisk  
  159  8:42  Hydralisk x11  
  159  8:46  Queen  
  185  8:49  Spore Crawler  
  184  9:05  Lurker Den  
  183  9:12  Hydralisk x4  
  183  9:13  Hydralisk x3  
  174  9:31  Roach  
  174  9:32  Roach x9  
  174  9:34  Overlord  
  174  9:35  Overlord  
  192  9:49  Extractor  
  192  9:50  Extractor  
  192  9:51  Hive  
  190  10:12  Hydralisk x5  
  196  11:04  Hatchery  
Show
View Real Time Build Order
Export as new Build Order

SamuraiFunn Protoss 

Build Orders: 1 Gate Expand 

Get SALT Encoding   

  12  0:01  Probe  
  13  0:13  Probe  
  14  0:20  Pylon  
  14  0:25  Probe  
  15  0:34  Assimilator  
  15  0:38  Probe  
  16  0:45  Gateway  
  16  0:53  Probe (Chrono Boost)  
  18  1:05  Probe (Chrono Boost)  
  18  1:08  Probe (Chrono Boost)  
  19  1:24  Nexus  
  19  1:26  Probe  
  20  1:38  Probe  
  21  1:51  Probe  
  22  2:03  Probe  
  22  2:04  Assimilator  
  23  2:19  Cybernetics Core  
  23  2:28  Pylon  
  23  2:30  Gateway  
  23  2:36  Probe  
  24  2:47  Gateway  
  24  2:48  Probe  
  25  2:52  Pylon  
  25  2:54  Probe  
  25  2:58  Zealot (Chrono Boost)  
  28  3:11  Zealot x2 (Chrono Boost)  
  29  3:24  Warp Gate (Chrono Boost)  
  31  3:31  Robotics Facility  
  31  3:41  Probe x2  
  33  3:53  Probe x2  
  34  3:58  Gateway  
  34  4:05  Probe  
  34  4:06  Probe, Stalker x3  
  42  4:14  Twilight Council  
  42  4:18  Warp Prism  
  44  4:25  Probe  
  44  4:26  Probe  
  46  4:40  Pylon  
  46  4:56  Probe x2  
  46  4:59  Pylon  
  48  5:02  Observer  
  49  5:07  Pylon  
  49  5:09  Probe  
  49  5:10  Probe  
  51  5:23  Observer  
  52  5:33  Stalker x3  
  52  5:34  Stalker  
  59  5:44  Probe x2, Warp Prism  
  63  5:52  Blink (Chrono Boost)  
  63  5:56  Probe x2  
  65  6:12  Zealot x3  
  65  6:13  Zealot  
  73  6:20  Observer  
  73  6:22  Robotics Facility  
  73  6:24  Gateway  
  74  6:27  Gateway  
  74  6:29  Pylon  
  74  6:31  Pylon  
  74  6:32  Pylon  
  73  6:42  Observer  
  74  7:02  Probe  
  74  7:07  Stalker x4  
  82  7:22  Stalker x2  
  86  7:41  Charge (Chrono Boost)  
  86  7:54  Stalker x2  
  86  7:55  Stalker  
  86  7:56  Nexus  
  86  7:58  Pylon x2  
  91  7:59  Zealot  
  91  8:00  Pylon, Zealot x2  
  97  8:21  Zealot x2  
  97  8:22  Zealot x3  
  107  8:35  Templar Archives  
  107  8:42  Assimilator  
  107  8:44  Probe x2  
  107  8:46  Assimilator  
  109  8:48  Zealot x3  
  109  8:49  Zealot  
  116  8:56  Probe  
  116  8:57  Probe  
  118  9:09  Probe x2  
  79  9:21  Probe x2  
  73  9:25  High Templar x2  
  75  9:36  Psionic Storm  
  69  10:07  Probe  
  69  10:10  Zealot x2  
  69  10:11  Zealot  
  69  10:12  Zealot x3  
  36  10:43  Zealot x3  
  36  10:44  Zealot x3  
Tags
 
Add a new tag
Caveats
  • Supply blocks, unpowered buildings, or Contaminate may cause inaccurate times.
  • Supply counts are checked every 10 seconds.